TOP OF THE 1ST |
Havana Rollers batting - Pitching for Indiana Hounds : RHP Rob Hill
|
Pitching: RHP Rob Hill
|
|
Batting: LHB Rafael Delgado
|
0-0: Ball 1-0: Ball 2-0: Called Strike 2-1: Bunt for hit - play at first, batter OUT! 3-4
|
Batting: RHB Francisco Rincón
|
0-0: Ground out 4-3 (Groundball, 4)
|
Batting: RHB Soshu Nakamura
|
0-0: Foul Ball, location: 2F 0-1: Ball 1-1: Fly out, F7 (Flyball, 7S)
|
Top of the 1st over - 0 run(s), 0 hit(s), 0 error(s), 0 left on base; Havana 0 - Indiana 0 |
BOTTOM OF THE 1ST |
Indiana Hounds batting - Pitching for Havana Rollers : RHP Sid Allen
|
Pitching: RHP Sid Allen
|
|
Batting: RHB Javier Martínez
|
0-0: Ball 1-0: Ball 2-0: Called Strike 2-1: Ground out 6-3 (Groundball, 6)
|
Batting: RHB Doug Murray
|
0-0: SOLO HOME RUN (Flyball, 78XD), Distance : 405 ft
|
Batting: RHB Jeff Jones
|
0-0: Foul Ball, location: 2F 0-1: Foul Ball, location: 2F 0-2: Ball 1-2: Foul Ball, location: 2F 1-2: Ball 2-2: Ball 3-2: DOUBLE (Flyball, 9LD)
|
Batting: LHB Denny Poole
|
0-0: Called Strike 0-1: Ball 1-1: Ball 2-1: Ball 3-1: Base on Balls
|
Batting: RHB Octávio Marín
|
0-0: Ball 1-0: Foul Ball, location: 2F 1-1: Called Strike 1-2: Foul Ball, location: 2F 1-2: Ball 2-2: SINGLE (Line Drive, 3D) Jeff Jones to third Denny Poole to second
|
Batting: LHB Dave Watson
|
0-0: Ball 1-0: Called Strike 1-1: Ball 2-1: Grounds into double play, 3-6-3 (Groundball, 3)
|
Bottom of the 1st over - 1 run(s), 3 hit(s), 0 error(s), 2 left on base; Havana 0 - Indiana 1 |
TOP OF THE 2ND |
Havana Rollers batting - Pitching for Indiana Hounds : RHP Rob Hill
|
Batting: RHB Paul Bailey
|
0-0: Called Strike 0-1: Ball 1-1: Swinging Strike 1-2: Ball 2-2: Hit by Pitch
|
Batting: RHB Jesús Villalobos
|
0-0: Ball 1-0: Foul Ball, location: 2F 1-1: Called Strike 1-2: Ball 2-2: Strikes out looking
|
Batting: LHB Zhi-huan Loong
|
0-0: Ball 1-0: SINGLE (Groundball, 34D) Paul Bailey to second Runner from 2nd tries for 3rd, SAFE, throw made to third
|
Batting: LHB Shiro Ueno
|
0-0: Called Strike 0-1: Grounds into double play, 4-6-3 (Groundball, 4)
|
Top of the 2nd over - 0 run(s), 1 hit(s), 0 error(s), 1 left on base; Havana 0 - Indiana 1 |
BOTTOM OF THE 2ND |
Indiana Hounds batting - Pitching for Havana Rollers : RHP Sid Allen
|
Batting: RHB Francisco Tañón
|
0-0: Ball 1-0: Ball 2-0: Ball 3-0: Called Strike 3-1: Base on Balls
|
Batting: SHB Charles Alexander
|
0-0: Ball 1-0: Foul Ball, location: 2F 1-1: Ball 2-1: Foul Ball, location: 2F 2-2: Grounds into double play, 4-6-3 (Groundball, 4D)
|
Batting: LHB Dave Helásquez
|
0-0: Called Strike 0-1: Swinging Strike 0-2: Ball 1-2: Ball 2-2: Fly out, F4 (Popup, 34D)
|
Bottom of the 2nd over - 0 run(s), 0 hit(s), 0 error(s), 0 left on base; Havana 0 - Indiana 1 |
TOP OF THE 3RD |
Havana Rollers batting - Pitching for Indiana Hounds : RHP Rob Hill
|
Batting: RHB Mitsuharu Matsumoto
|
0-0: Called Strike 0-1: Fly out, F9 (Flyball, 9S)
|
Batting: RHB León Rivera
|
0-0: Ball 1-0: Fly out, F3 (Popup, 34)
|
Batting: LHB Rafael Delgado
|
0-0: Called Strike 0-1: Bunt for hit - play at first, batter OUT! 5-3
|
Top of the 3rd over - 0 run(s), 0 hit(s), 0 error(s), 0 left on base; Havana 0 - Indiana 1 |
BOTTOM OF THE 3RD |
Indiana Hounds batting - Pitching for Havana Rollers : RHP Sid Allen
|
Batting: RHB Javier Martínez
|
0-0: Ball 1-0: Ball 2-0: Ball 3-0: Called Strike 3-1: Foul Ball, location: 2F 3-2: DOUBLE (Line Drive, 8RD)
|
Batting: RHB Doug Murray
|
0-0: Ball 1-0: Ball 2-0: Foul Ball, location: 2F 2-1: Foul Ball, location: 2F 2-2: Ball 3-2: Foul Ball, location: 2F 3-2: SINGLE (Groundball, 34D) Javier Martínez to third Runner from 3rd tries for Home, SAFE, no throw
|
Batting: RHB Jeff Jones
|
0-0: Called Strike 0-1: Ball 1-1: Ball 2-1: Fly out, F9 (Flyball, 9D) Runner from 1st tags up, SAFE at 2nd
|
Batting: LHB Denny Poole
|
0-0: Foul Ball, location: 2F 0-1: Ball 1-1: Ball 2-1: Foul Ball, location: 2F 2-2: Ball 3-2: SINGLE (Line Drive, 8LS) Doug Murray to third Runner from 3rd tries for Home, SAFE, no throw
|
Batting: RHB Octávio Marín
|
0-0: Foul Ball, location: 2F 0-1: Foul Ball, location: 2F 0-2: Ball 1-2: Ball 2-2: Ball 3-2: Foul Ball, location: 2F 3-2: Strikes out looking
|
Batting: LHB Dave Watson
|
0-0: Called Strike 0-1: Ball 1-1: Foul Ball, location: 2F 1-2: Ball 2-2: 2-RUN HOME RUN (Flyball, 9LD), Distance : 312 ft
|
Batting: RHB Francisco Tañón
|
0-0: Ball 1-0: Ball 2-0: Called Strike 2-1: Foul Ball, location: 2F 2-2: Ball 3-2: Fly out, F9 (Line Drive, 9LM)
|
Bottom of the 3rd over - 4 run(s), 4 hit(s), 0 error(s), 0 left on base; Havana 0 - Indiana 5 |
TOP OF THE 4TH |
Havana Rollers batting - Pitching for Indiana Hounds : RHP Rob Hill
|
Batting: RHB Francisco Rincón
|
0-0: Ground out 5-3 (Groundball, 5L)
|
Batting: RHB Soshu Nakamura
|
0-0: Ball 1-0: Foul Ball, location: 2F 1-1: Ball 2-1: Foul Ball, location: 2F 2-2: Foul Ball, location: 2F 2-2: Foul Ball, location: 2F 2-2: Foul Ball, location: 2F 2-2: Ground out 6-3 (Groundball, 6MS)
|
Batting: RHB Paul Bailey
|
0-0: Foul Ball, location: 2F 0-1: Called Strike 0-2: Fly out, F4 (Popup, 4)
|
Top of the 4th over - 0 run(s), 0 hit(s), 0 error(s), 0 left on base; Havana 0 - Indiana 5 |
BOTTOM OF THE 4TH |
Indiana Hounds batting - Pitching for Havana Rollers : RHP Sid Allen
|
Batting: SHB Charles Alexander
|
0-0: Ball 1-0: Fly out, F8 (Flyball, 78M)
|
Batting: LHB Dave Helásquez
|
0-0: Called Strike 0-1: Ball 1-1: Foul Ball, location: 2F 1-2: Ball 2-2: Ball 3-2: Strikes out swinging
|
Batting: RHB Javier Martínez
|
0-0: Called Strike 0-1: Ball 1-1: Ball 2-1: Called Strike 2-2: SINGLE (Flyball, 9LS)
|
Batting: RHB Doug Murray
|
0-0: Called Strike 0-1: Called Strike 0-2: Fly out, F8 (Line Drive, 8RM)
|
Bottom of the 4th over - 0 run(s), 1 hit(s), 0 error(s), 1 left on base; Havana 0 - Indiana 5 |
TOP OF THE 5TH |
Havana Rollers batting - Pitching for Indiana Hounds : RHP Rob Hill
|
Batting: RHB Jesús Villalobos
|
0-0: Called Strike 0-1: Foul Ball, location: 2F 0-2: Foul Ball, location: 2F 0-2: Strikes out looking
|
Batting: LHB Zhi-huan Loong
|
0-0: SINGLE (Groundball, 34S) (infield hit)
|
Batting: LHB Shiro Ueno
|
0-0: Called Strike Zhi-huan Loong steals 2nd base 0-1: Foul Ball, location: 2F 0-2: Ball 1-2: Ground out 6-3 (Groundball, 6)
|
Batting: RHB Mitsuharu Matsumoto
|
0-0: Ball 1-0: Ball 2-0: Ball 3-0: Base on Balls
|
Batting: RHB León Rivera
|
0-0: Ball 1-0: Called Strike 1-1: Swinging Strike 1-2: Strikes out looking
|
Top of the 5th over - 0 run(s), 1 hit(s), 0 error(s), 2 left on base; Havana 0 - Indiana 5 |
BOTTOM OF THE 5TH |
Indiana Hounds batting - Pitching for Havana Rollers : RHP Sid Allen
|
Pitching: LHP Mike Doss
|
|
Batting: RHB Jeff Jones
|
0-0: Ball 1-0: Ball 2-0: Foul Ball, location: 2F 2-1: Ball 3-1: Foul Ball, location: 2F 3-2: Fly out, F7 (Flyball, 78M)
|
Batting: LHB Denny Poole
|
0-0: Ball 1-0: Foul Ball, location: 2F 1-1: Foul Ball, location: 2F 1-2: Ball 2-2: Foul Ball, location: 2F 2-2: Foul Ball, location: 2F 2-2: Strikes out swinging
|
Batting: RHB Octávio Marín
|
0-0: Ball 1-0: Called Strike 1-1: Foul Ball, location: 2F 1-2: Ball 2-2: Strikes out swinging
|
Bottom of the 5th over - 0 run(s), 0 hit(s), 0 error(s), 0 left on base; Havana 0 - Indiana 5 |
TOP OF THE 6TH |
Havana Rollers batting - Pitching for Indiana Hounds : RHP Rob Hill
|
Batting: LHB Rafael Delgado
|
0-0: Fly out, F6 (Popup, 6)
|
Batting: RHB Francisco Rincón
|
0-0: Ball 1-0: Foul Ball, location: 2F 1-1: Ball 2-1: Ball 3-1: DOUBLE (Line Drive, 9LM)
|
Batting: RHB Soshu Nakamura
|
0-0: Ball 1-0: Foul Ball, location: 2F 1-1: Called Strike 1-2: Ball 2-2: Ball 3-2: Fly out, F9 (Flyball, 9)
|
Batting: RHB Paul Bailey
|
0-0: Foul Ball, location: 2F 0-1: Ball 1-1: Swinging Strike 1-2: Ball 2-2: Strikes out swinging
|
Top of the 6th over - 0 run(s), 1 hit(s), 0 error(s), 1 left on base; Havana 0 - Indiana 5 |
BOTTOM OF THE 6TH |
Indiana Hounds batting - Pitching for Havana Rollers : LHP Mike Doss
|
Batting: LHB Dave Watson
|
0-0: Swinging Strike 0-1: Ball 1-1: Swinging Strike 1-2: Strikes out swinging
|
Batting: RHB Francisco Tañón
|
0-0: Ball 1-0: Ball 2-0: Ground out 5-3 (Groundball, 56)
|
Batting: SHB Charles Alexander
|
0-0: Called Strike 0-1: SINGLE (Groundball, 34D)
|
Batting: LHB Dave Helásquez
|
0-0: Called Strike 0-1: Foul Ball, location: 2F 0-2: Strikes out looking
|
Bottom of the 6th over - 0 run(s), 1 hit(s), 0 error(s), 1 left on base; Havana 0 - Indiana 5 |
TOP OF THE 7TH |
Havana Rollers batting - Pitching for Indiana Hounds : RHP Rob Hill
|
Batting: RHB Jesús Villalobos
|
0-0: Foul Ball, location: 2F 0-1: SINGLE (Line Drive, 89S)
|
Batting: LHB Zhi-huan Loong
|
0-0: Ball Jesús Villalobos steals 2nd base 1-0: SINGLE (Flyball, 78S) Jesús Villalobos to third Runner from 3rd tries for Home, SAFE, throw made home Zhi-huan Loong to second
|
Batting: LHB Shiro Ueno
|
0-0: Ball 1-0: Fly out, F7 (Flyball, 78M)
|
Batting: RHB Mitsuharu Matsumoto
|
0-0: Swinging Strike 0-1: Foul Ball, location: 2F 0-2: Ball 1-2: Foul Ball, location: 2F 1-2: Ball 2-2: Ball 3-2: Ground out 6-3 (Groundball, 6) Zhi-huan Loong to third
|
Batting: RHB León Rivera
|
0-0: Ball 1-0: Foul Ball, location: 2F 1-1: Swinging Strike 1-2: Strikes out swinging
|
Top of the 7th over - 1 run(s), 2 hit(s), 0 error(s), 1 left on base; Havana 1 - Indiana 5 |
BOTTOM OF THE 7TH |
Indiana Hounds batting - Pitching for Havana Rollers : LHP Mike Doss
|
Batting: RHB Javier Martínez
|
0-0: Ball 1-0: Ball 2-0: Ball 3-0: Called Strike 3-1: SINGLE (Line Drive, 34)
|
Batting: RHB Doug Murray
|
0-0: Called Strike Javier Martínez steals 2nd base 0-1: DOUBLE (Line Drive, 9LS) Javier Martínez scores
|
Batting: RHB Jeff Jones
|
0-0: Ball 1-0: Ball 2-0: Called Strike 2-1: Fly out, F8 (Flyball, 8LM)
|
Batting: LHB Denny Poole
|
0-0: Foul Ball, location: 2F 0-1: Called Strike 0-2: Ball 1-2: Ground out 5-3 (Groundball, 5L)
|
Batting: RHB Octávio Marín
|
0-0: Ball 1-0: Foul Ball, location: 2F 1-1: Ball 2-1: Ball 3-1: Called Strike 3-2: Strikes out looking
|
Bottom of the 7th over - 1 run(s), 2 hit(s), 0 error(s), 1 left on base; Havana 1 - Indiana 6 |
TOP OF THE 8TH |
Havana Rollers batting - Pitching for Indiana Hounds : RHP Rob Hill
|
Pitching: RHP Porter Warren
|
|
Batting: LHB Rafael Delgado
|
0-0: Ball 1-0: Ground out 4-3 (Groundball, 4)
|
Batting: RHB Francisco Rincón
|
0-0: Called Strike 0-1: Foul Ball, location: 2F 0-2: Ball 1-2: Strikes out swinging
|
Batting: RHB Soshu Nakamura
|
0-0: Fly out, F9 (Flyball, 9LMF)
|
Top of the 8th over - 0 run(s), 0 hit(s), 0 error(s), 0 left on base; Havana 1 - Indiana 6 |
BOTTOM OF THE 8TH |
Indiana Hounds batting - Pitching for Havana Rollers : LHP Mike Doss
|
Batting: LHB Dave Watson
|
0-0: Ball 1-0: Swinging Strike 1-1: Ball 2-1: Ball 3-1: Base on Balls
|
Pitching: RHP José Ramírez
|
|
Batting: RHB Francisco Tañón
|
0-0: Ball 1-0: Ball 2-0: Foul Ball, location: 2F 2-1: Called Strike 2-2: Strikes out swinging
|
Batting: SHB Charles Alexander
|
0-0: Ball 1-0: Ground out U3 (Groundball, 34S) Dave Watson to second
|
Batting: LHB Dave Helásquez
|
0-0: Ball 1-0: Ground out 4-3 (Groundball, 4)
|
Bottom of the 8th over - 0 run(s), 0 hit(s), 0 error(s), 1 left on base; Havana 1 - Indiana 6 |
TOP OF THE 9TH |
Havana Rollers batting - Pitching for Indiana Hounds : RHP Porter Warren
|
Batting: RHB Paul Bailey
|
0-0: Called Strike 0-1: Ball 1-1: SINGLE (Groundball, 34D)
|
Batting: RHB Jesús Villalobos
|
0-0: 2-RUN HOME RUN (Flyball, 7LD), Distance : 331 ft
|
Pitching: RHP Bill Lowe
|
|
Batting: LHB Zhi-huan Loong
|
0-0: Ball 1-0: Foul Ball, location: 2F 1-1: SINGLE (Groundball, 6S) (infield hit)
|
Batting: LHB Shiro Ueno
|
0-0: Called Strike 0-1: Ball 1-1: Ball 2-1: Ball 3-1: Foul Ball, location: 2F 3-2: Foul Ball, location: 2F 3-2: DOUBLE (Line Drive, 7LM) Zhi-huan Loong to third Zhi-huan Loong scores
|
Pinch Hitting: SHB Pepe Piña
|
0-0: SINGLE (Line Drive, 7LS) Shiro Ueno to third
|
Pinch Hitting: RHB Brian Jackson
|
0-0: Foul Ball, location: 2F 0-1: Foul Ball, location: 2F 0-2: Ball 1-2: Ball 2-2: Fly out, F4 (Popup, 4S)
|
Batting: LHB Rafael Delgado
|
0-0: Called Strike 0-1: Swinging Strike 0-2: Ball 1-2: Ball 2-2: Ball 3-2: Fielders Choice at 2nd, 5-4 (Groundball, 56) Shiro Ueno scores
|
Pitching: RHP Enrique Gómez
|
|
Pinch Hitting: LHB Jimmy Husted
|
0-0: Called Strike 0-1: Ball 1-1: Ball 2-1: Foul Ball, location: 2F 2-2: Ball 3-2: Foul Ball, location: 2F 3-2: Base on Balls Rafael Delgado to second
|
Batting: RHB Soshu Nakamura
|
0-0: Called Strike 0-1: Swinging Strike 0-2: Ball 1-2: Ball 2-2: Ball 3-2: Ground out 6-3 (Groundball, 6S)
|
Top of the 9th over - 4 run(s), 5 hit(s), 0 error(s), 2 left on base; Havana 5 - Indiana 6 |
|